cohdb
Replays
Latest Replays
All Replays
Popular Replays
Top Player Replays
Match Explorer
How It Works
Community
CoH3 Stats
Reddit
Sign in to upload your games and track your stats! →
Sign in with Steam
Match 39806865
Unlisted
Match 39806865
Overview
Messages
Build Orders
End
Construct Weapon Support Center
Selects Heavy Weapons
Engineer Squad
M1919 Machine Gun Team
Engineer Squad
Construct Barracks
Air Support Center
Riflemen Squad
Selects Assault Carriers
Riflemen Squad
Grasshopper Recon Run
P-47 Strafing Run
M3 Assault Carrier
Grasshopper Recon Run
Improved Aircraft Armor
Selects M2HB .50cal Heavy Machine Gun
Riflemen Squad
Grasshopper Recon Run
P-47 Strafing Run
P-47 Strafing Run
M3 Assault Carrier
Grasshopper Recon Run
Selects Rapid Reposition
Double Sortie
M1918 Browning Automatic Rifles
Honey
Zebra
nice man
스팀계정족같네
生气柚
【HAN】通幽
A18
燕云
0
0
Comments
sign in to comment!
No comments posted yet!